 Dungeon Crawl Stone Soup version 0.25.0-1-g7eea58d (webtiles) character file.

Game seed: 11639426737416246222

1079 Illumine the Covered (level 8, -7/67 HPs)
             Began as a Gnoll Wanderer on June 23, 2020.
             Was a Follower of Ashenzari.
             Mangled by Prince Ribbit (11 damage)
             ... on level 6 of the Dungeon.
             The game lasted 00:10:18 (7392 turns).

Illumine the Covered (Gnoll Wanderer)               Turns: 7392, Time: 00:10:18

Health: -7/67      AC: 12    Str: 12    XL:     8   Next: 29%
Magic:  12/12      EV:  4    Int: 17    God:    Ashenzari [*.....]
Gold:   196        SH:  5    Dex: 17    Spells: 13/13 levels left

rFire    . . .     SeeInvis .   c - +0 hand axe
rCold    . . .     Gourm    .   (no shield)
rNeg     . . .     Faith    .   h - -1 plate armour (curse)
rPois    .         Spirit   .   (no helmet)
rElec    .         Reflect  +   (no cloak)
rCorr    .         Harm     .   (no gloves)
MR       .....                  (no boots)
Stlth    ..........             g - amulet of reflection
HPRegen  0.21/turn              (no ring)
MPRegen  0.13/turn              (no ring)

@: no status effects
A: distributed training, fangs 1, strong nose
a: Curse Item, Scrying, Renounce Religion


You were on level 6 of the Dungeon.
You worshipped Ashenzari.
Ashenzari was aware of your devotion.
You were not hungry.

You visited 2 branches of the dungeon, and saw 7 of its levels.

You collected 196 gold pieces.

Inventory:

Hand Weapons
 a - a +2 dagger
 c - a +0 hand axe (weapon)
 d - a +1 falchion of venom
Missiles
 b - 4 curare-tipped darts (quivered)
 x - 4 poisoned darts
Armour
 e - a +0 robe
 h - a cursed -1 plate armour (worn)
 j - a +2 robe of cold resistance
 A - a +0 tower shield
Jewellery
 g - an amulet of reflection (around neck)
 p - an uncursed amulet of faith
 q - an uncursed ring of poison resistance
Wands
 v - a wand of digging (5)
Scrolls
 i - 5 scrolls of teleportation {unknown}
 k - a scroll of remove curse
 n - 5 scrolls of identify {unknown}
 o - a scroll of fear {unknown}
 t - 2 scrolls of fog {unknown}
 u - 2 scrolls of noise {unknown}
 y - a scroll of amnesia {unknown}
 z - 2 scrolls of immolation {unknown}
 G - a scroll of magic mapping {unknown}
Potions
 l - a potion of experience {unknown}
 m - a potion of degeneration {unknown}
 r - a potion of might {unknown}
 s - a potion of flight {unknown}
 w - a potion of cancellation
 B - a potion of heal wounds
 C - a potion of invisibility {unknown}
 D - 2 potions of magic {unknown}
 E - a potion of brilliance {unknown}
 H - a potion of ambrosia {unknown}
Comestibles
 f - 16 rations
 F - 6 chunks of flesh


   Skills:
 + Level 7.3 Fighting
 + Level 3.1 Short Blades
 + Level 3.1 Long Blades
 + Level 5.5 Axes
 + Level 3.1 Maces & Flails
 + Level 3.1 Polearms
 + Level 3.1 Staves
 + Level 3.1 Slings
 + Level 3.1 Bows
 + Level 3.1 Crossbows
 + Level 5.5 Throwing
 + Level 7.3 Armour
 + Level 3.1 Dodging
 + Level 3.1 Stealth
 + Level 3.1 Shields
 + Level 3.1 Unarmed Combat
 + Level 3.1 Spellcasting
 + Level 2.5 Conjurations
 + Level 2.5 Hexes
 + Level 2.5 Charms
 + Level 2.5 Summonings
 + Level 2.5 Necromancy
 + Level 2.5 Translocations
 + Level 2.5 Transmutations
 + Level 2.5 Fire Magic
 + Level 2.5 Ice Magic
 + Level 2.5 Air Magic
 + Level 2.5 Earth Magic
 + Level 2.5 Poison Magic
 + Level 3.4 Invocations
 + Level 3.1 Evocations


You had 13 spell levels left.
You didn't know any spells.
Your spell library was empty.

Dungeon Overview and Level Annotations

Branches:
Dungeon (6/15)             Temple (1/1) D:4

Altars:
Ashenzari
Cheibriados
Dithmenos
Elyvilon
Fedhas
Gozag
Hepliaklqana
Kikubaaqudgha
Makhleb
Okawaru
Qazlal
Ru
Sif Muna
Trog
Uskayaw
Vehumet
Wu Jian
Yredelemnul
Zin
The Shining One

Annotations:
D:5 1 runed translucent door, auberdahn's ghost, novice TrWz
D:6 Prince Ribbit


Innate Abilities, Weirdness & Mutations

Your experience applies equally to all skills.
You have very sharp teeth.
Your uncanny sense of smell can sniff out nearby items.


Message History

Prince Ribbit is heavily wounded.
Prince Ribbit is no longer moving slowly.
Prince Ribbit hits you.
You hit Prince Ribbit.
Prince Ribbit is severely wounded.
Prince Ribbit looks more healthy.
Prince Ribbit hits you.
Prince Ribbit hits you but does no damage.
You hit Prince Ribbit.
Prince Ribbit is severely wounded.
Prince Ribbit completely misses you.
You hit Prince Ribbit.
Prince Ribbit is severely wounded.
Prince Ribbit hits you!
* * * LOW HITPOINT WARNING * * *
Prince Ribbit hits you!
* * * LOW HITPOINT WARNING * * *
You barely miss Prince Ribbit. Your punch misses Prince Ribbit.
Prince Ribbit is severely wounded.
Prince Ribbit hits you!
You die...

### ∆ ..#
#### # #.#
#.. ##.#
#.#
#.#....#
#.###@F.#
#......##
#.####.#
#.# .#
.#######.#
.#
.........#
#.#
######.##
#.# #.#
#.## #.#
#..#


You could see Prince Ribbit.

Vanquished Creatures
  2 ogres
  2 centaurs (D:5)
  3 crimson imps
  A hound (D:5)
  5 orc wizards
  Terence (D:2)
  An iguana (D:4)
  7 worker ants
  A howler monkey zombie (D:6)
  4 gnolls (D:4)
  8 adders
  3 river rats (D:4)
  2 oozes (D:3)
  2 worms (D:4)
  2 dart slugs
  3 leopard geckos
  12 orcs
  7 giant cockroaches
  7 goblins
  7 hobgoblins
  5 jackals
  3 quokkas
  7 bats
  4 frilled lizards
  6 kobolds
  8 rats
113 creatures vanquished.

Notes
Turn   | Place    | Note
-------+----------+-------------------------------------------
     0 | D:1      | Illumine the Gnoll Wanderer began the quest for the Orb.
     0 | D:1      | Illumine set off with the following items: a +2 dagger, 4
                  | curare-tipped darts, a +0 hand axe, a potion of
                  | lignification, a +0 robe, a ration
     0 | D:1      | Reached XP level 1. HP: 23/23 MP: 1/1
   214 | D:1      | Reached XP level 2. HP: 20/29 MP: 2/2
  1480 | D:1      | Reached XP level 3. HP: 35/35 MP: 3/3
  1913 | D:2      | Reached skill level 1 in Invocations
  1947 | D:2      | Noticed Terence
  1969 | D:2      | Killed Terence
  1969 | D:2      | Reached skill level 1 in Short Blades
  1969 | D:2      | Reached skill level 1 in Long Blades
  1969 | D:2      | Reached skill level 1 in Maces & Flails
  1969 | D:2      | Reached skill level 1 in Polearms
  1969 | D:2      | Reached skill level 1 in Staves
  1969 | D:2      | Reached skill level 1 in Slings
  1969 | D:2      | Reached skill level 1 in Bows
  1969 | D:2      | Reached skill level 1 in Crossbows
  1969 | D:2      | Reached skill level 1 in Dodging
  1969 | D:2      | Reached skill level 1 in Stealth
  1969 | D:2      | Reached skill level 1 in Shields
  1969 | D:2      | Reached skill level 1 in Unarmed Combat
  1969 | D:2      | Reached skill level 1 in Spellcasting
  1969 | D:2      | Reached skill level 1 in Evocations
  1969 | D:2      | Reached XP level 4. HP: 32/41 MP: 5/5
  2477 | D:2      | Reached skill level 1 in Conjurations
  2477 | D:2      | Reached skill level 1 in Hexes
  2477 | D:2      | Reached skill level 1 in Charms
  2477 | D:2      | Reached skill level 1 in Summonings
  2477 | D:2      | Reached skill level 1 in Necromancy
  2477 | D:2      | Reached skill level 1 in Translocations
  2477 | D:2      | Reached skill level 1 in Transmutations
  2477 | D:2      | Reached skill level 1 in Fire Magic
  2477 | D:2      | Reached skill level 1 in Ice Magic
  2477 | D:2      | Reached skill level 1 in Air Magic
  2477 | D:2      | Reached skill level 1 in Earth Magic
  2477 | D:2      | Reached skill level 1 in Poison Magic
  2489 | D:2      | Reached XP level 5. HP: 32/47 MP: 5/7
  2886 | D:3      | Found a sacrificial altar of Ru.
  3172 | D:4      | Found a staircase to the Ecumenical Temple.
  3202 | Temple   | Entered the Ecumenical Temple
  3397 | Temple   | Became a worshipper of Ashenzari the Shackled
  3509 | D:4      | Found a snail-covered altar of Cheibriados.
  3518 | D:4      | Reached XP level 6. HP: 46/53 MP: 8/8
  3794 | D:4      | Reached skill level 5 in Axes
  3794 | D:4      | Reached skill level 5 in Throwing
  3811 | D:4      | HP: 2/53 [crimson imp (2)]
  4060 | D:4      | Found a blossoming altar of Fedhas.
  4473 | D:4      | Reached XP level 7. HP: 25/59 MP: 10/10
  5801 | D:5      | Entered Level 5 of the Dungeon
  6196 | D:5      | Reached XP level 8. HP: 21/67 MP: 12/12
  6592 | D:5      | Reached * piety under Ashenzari
  6597 | D:5      | Found a runed translucent door.
  6601 | D:5      | Noticed auberdahn's ghost (novice TrWz)
  7035 | D:5      | Found a bloodstained altar of Trog.
  7369 | D:6      | Noticed Prince Ribbit
  7392 | D:6      | Mangled by Prince Ribbit

Illustrated notes

Levels and vault maps discovered:
D:1:      dpeg_arrival_arbitrary_c, layout_basic, serial_co_window_serial,
          co_window_corner_a, co_window_corner_a, co_window_corner_a,
          co_window_paths_a, co_window_paths_b, co_window_corner_a,
          co_window_corner_cb, co_window_unsneaky_path_c,
          co_window_of_opportunity_b, co_window_corner_b, co_window_corner_b,
          co_window_cross_3, co_window_broadway_c, co_window_sun,
          glass_columns_a, glass_columns_a, glass_columns_a, glass_columns_b,
          st_stairs_13
D:2:      layout_loops_ring, wad_floor_pattern_untrapped, uniq_terence
D:3:      layout_basic, first_ration, minmay_misc_feat_cross,
          nicolae_ru_the_path_less_chosen
D:4:      layout_layer_cave, kennysheep_slug_shrine, lemuel_crystal_altar,
          minmay_temple_entry_junction, lightli_sewer_entry_pipes
D:5:      layout_gridville, lightli_temple_of_fire,
          hellmonk_ghost_happy_afterlife
D:6:      layout_loops_ring, serial_park_tiny_2, uniq_prince_ribbit1
Temple:   eino_temple_rhombus

Skill      XL: |  1  2  3  4  5  6  7  8 |
---------------+-------------------------+-----
Invocations    | 1 2 3 |  3.4
Short Blades   | 1 2 3 |  3.1
Long Blades    | 1 2 3 |  3.1
Maces & Flails | 1 2 3 |  3.1
Polearms       | 1 2 3 |  3.1
Staves         | 1 2 3 |  3.1
Slings         | 1 2 3 |  3.1
Bows           | 1 2 3 |  3.1
Crossbows      | 1 2 3 |  3.1
Dodging        | 1 2 3 |  3.1
Stealth        | 1 2 3 |  3.1
Shields        | 1 2 3 |  3.1
Unarmed Combat | 1 2 3 |  3.1
Spellcasting   | 1 2 3 |  3.1
Evocations     | 1 2 3 |  3.1
Conjurations   | 1 2 |  2.5
Hexes          | 1 2 |  2.5
Charms         | 1 2 |  2.5
Summonings     | 1 2 |  2.5
Necromancy     | 1 2 |  2.5
Translocations | 1 2 |  2.5
Transmutations | 1 2 |  2.5
Fire Magic     | 1 2 |  2.5
Ice Magic      | 1 2 |  2.5
Air Magic      | 1 2 |  2.5
Earth Magic    | 1 2 |  2.5
Poison Magic   | 1 2 |  2.5
Axes           | 5 |  5.5
Throwing       | 5 |  5.5
Fighting       | 7 |  7.3
Armour         | 7 |  7.3

Action                   |  1- 3 |  4- 6 |  7- 9 || total
-------------------------+-------+-------+-------++-------
Melee: Hand axe          |   136 |   342 |   338 ||   816
       Bite              |    17 |    34 |    48 ||    99
       Punch             |       |     1 |     5 ||     6
Throw: Dart              |       |       |     1 ||     1
  Use: Potion            |       |     3 |       ||     3
  Eat: Chunk             |     3 |     9 |    10 ||    22
Armor: Robe              |    24 |       |       ||    24
       Plate armour      |    40 |   300 |   201 ||   541
       Skin              |       |     4 |       ||     4
Dodge: Dodged            |    56 |    70 |    78 ||   204
Block: Other             |    26 |    84 |    58 ||   168
       Reflection        |       |     7 |     1 ||     8
